 Dungeon Crawl Stone Soup version 0.30-a0-879-ga8ba668304 (webtiles) character file.

Game seed: 16678807675781222273

128 NinjaNoafa the Gusty (level 4, -4/33 HPs)
             Began as a Draconian Air Elementalist on Mar 13, 2023.
             Slain by an orc
             ... wielding a +0 falchion
              (5 damage)
             ... on level 4 of the Dungeon.
             The game lasted 00:09:04 (3464 turns).

NinjaNoafa the Gusty (Draconian Air Elementalist)   Turns: 3464, Time: 00:09:04

Health: -4/33      AC:  6    Str: 10    XL:     4   Next: 86%
Magic:  0/8        EV: 12    Int: 17    God:
Gold:   248        SH:  0    Dex: 12    Spells: 5/8 levels left

rFire   . . .      SeeInvis .    a - +1 short sword (venom)
rCold   . . .      Faith    .    (no shield)
rNeg    . . .      Spirit   .    (body armour unavailable)
rPois   .          Reflect  .    (helmet restricted)
rElec   .          Rampage  .    c - +0 cloak
rCorr   .                        (no gloves)
Will    .....                    (no boots)
Stlth   ++                       (no amulet)
HPRegen 0.25/turn                d - ring of flight
MPRegen 0.11/turn                (no ring)

@: flying, very slightly contaminated
A: AC +5, unfitting armour, cold-blooded
a: no special abilities


You were on level 4 of the Dungeon.
You visited 2 branches of the dungeon, and saw 5 of its levels.

You collected 248 gold pieces.

Inventory:

Hand Weapons
 a - a +1 short sword of venom (weapon)
 b - a +0 short sword of freezing
Missiles
 r - 3 poisoned darts
Armour
 c - a +0 cloak (worn)
Magical Staves
 s - a staff of earth
Jewellery
 d - a ring of flight (left hand)
Scrolls
 e - 2 scrolls of enchant weapon {unknown}
 g - a scroll of magic mapping {unknown}
 i - a scroll of amnesia {unknown}
 j - a scroll of vulnerability {unknown}
 m - a scroll of fog {unknown}
 n - 4 scrolls of identify {unknown}
 o - a scroll of poison {unknown}
Potions
 f - a potion of haste {unknown}
 h - 3 potions of curing {unknown}
 k - 2 potions of berserk rage {unknown}
 l - a potion of magic
 p - 2 potions of heal wounds {unknown}
 q - a potion of lignification {unknown}


   Skills:
 - Level 1.7 Dodging
 - Level 1.7 Stealth
 + Level 2.7 Spellcasting
 + Level 3.0 Conjurations
 + Level 4.2 Air Magic


You had 5 spell levels left.
You knew the following spells:

 Your Spells              Type           Power      Damage    Failure   Level
a - Shock                 Conj/Air       56%        1d6       4%          1
b - Static Discharge      Conj/Air       28%        2-4/arc   6%          2

Your spell library contained the following spells:

 Spells                   Type           Power      Damage    Failure   Level
 Kiss of Death            Conj/Necr      28%        2d7       10%         1
 Swiftness                Air            16%        N/A       10%         3
 Airstrike                Air            8%         2d(2-18)  30%         4
 Lightning Bolt           Conj/Air       7%         1d19      73%         5


Dungeon Overview and Level Annotations

Branches:
Dungeon (4/15)             Temple (1/1) D:4

Altars:
Ashenzari
Cheibriados
Dithmenos
Elyvilon
Fedhas
Gozag
Hepliaklqana
Makhleb
Nemelex Xobeh
Ru
Sif Muna
Trog
Uskayaw
Wu Jian
Xom
Yredelemnul
Zin
The Shining One

Annotations:
D:1 2 runed translucent doors


Innate Abilities, Weirdness & Mutations

Your plain brown scales are hard. (AC +5)
You cannot fit into any form of body armour.
You are cold-blooded and may be slowed by cold attacks.


Message History

The orc misses you. The orc priest closely misses you.
The orc closely misses you.
Casting: Static Discharge (safe; 6% risk of failure)
Confirm with . or Enter, or press ? or * to list all spells.
The orc priest is struck by an arc of lightning.
The orc priest is moderately wounded.
You are struck by an arc of lightning.
The orc is struck by an arc of lightning.
The orc is severely wounded.
The lightning grounds out.
The orc closely misses you. x2
The orc priest hits you with a +0 club.
* * * LOW HITPOINT WARNING * * *
The orc closely misses you.
Casting: Static Discharge (safe; 6% risk of failure)
Confirm with . or Enter, or press ? or * to list all spells.
The orc is struck by an arc of lightning.
The orc is moderately wounded.
The orc priest is struck by an arc of lightning.
The orc priest is heavily wounded.
The lightning grounds out.
The orc is struck by an arc of lightning.
The orc is almost dead.
You are struck by an arc of lightning.
* * * LOW HITPOINT WARNING * * *
The lightning grounds out.
The orc misses you. The orc hits you but does no damage.
The orc priest calls down the wrath of Beogh upon you.
Beogh smites you!
* * * LOW HITPOINT WARNING * * *
The orc barely misses you.
Casting: Static Discharge (safe; 6% risk of failure)
Confirm with . or Enter, or press ? or * to list all spells.
The orc priest is struck by an arc of lightning.
The orc priest is almost dead.
The orc is struck by an arc of lightning.
The orc is severely wounded.
The lightning grounds out.
The orc hits you but does no damage. The orc barely misses you.
The orc priest barely misses you. The orc hits you with a +0 falchion.
You die...

# .. #. #. ###.#######
#.........#
#)...oo...#
#....@....+
#...o.o...#
#....>....# #######
#.........# #.....#
#.........# #.....#
#.........#
##.>...#####.........#
.....<.'.............#
##.....####..........#


You could see an orc priest and 3 orcs.

Vanquished Creatures
  Jessica (D:2)
  Robin (D:4)
  An adder (D:4)
  3 worms
  An orc (D:3)
  6 endoplasms
  2 giant cockroaches
  20 goblins
  8 hobgoblins
  2 quokkas
  4 ball pythons
  10 bats
  4 frilled lizards
  2 kobolds (D:1)
  3 rats
68 creatures vanquished.

Notes
Turn   | Place    | Note
-------+----------+-------------------------------------------
     0 | D:1      | NinjaNoafa the Draconian Air Elementalist began the quest
                  | for the Orb.
     0 | D:1      | Reached XP level 1. HP: 14/14 MP: 3/3
   342 | D:1      | Reached XP level 2. HP: 20/20 MP: 1/5
  1005 | D:1      | Found a large runed translucent door.
  1005 | D:1      | Found a large runed translucent door.
  1028 | D:1      | Learned a level 2 spell: Static Discharge
  1082 | D:1      | Reached XP level 3. HP: 26/26 MP: 3/6
  1515 | D:2      | Noticed Jessica
  1519 | D:2      | Killed Jessica
  1520 | D:2      | Reached XP level 4. HP: 25/33 MP: 1/7
  1649 | D:2      | Found a faded altar of an unknown god.
  2087 | D:2      | Reached skill level 4 in Air Magic
  2173 | D:2      | Got the Vademecum on Energy
  2739 | D:3      | Found a white marble altar of Elyvilon.
  3080 | D:4      | Found a staircase to the Ecumenical Temple.
  3089 | D:4      | Noticed Robin
  3090 | Temple   | Entered the Ecumenical Temple
  3390 | D:4      | Killed Robin
  3463 | D:4      | HP: 1/33 [orc priest/divine providence (12)]
  3464 | D:4      | Slain by an orc

Illustrated notes

Levels and vault maps discovered:
D:1:      erik_arrival_cave_to_civilisation [erik_arrival_cave_to_temple],
          layout_basic, minmay_hexomino_u4
D:2:      layout_basic, ebering_ecumenical_altar_rust, minmay_diced_spiral,
          uniq_jessica
D:3:      layout_basic, mainiacjoe_overflow_small_starburst
D:4:      layout_basic, nicolae_overflow_crystal_walls,
          minmay_temple_entry_waves, uniq_robin
Temple:   minmay_crystal_spiral_temple

Skill      XL: |  1  2  3  4 |
---------------+-------------+-----
Conjurations   | 2 3 |  3.0
Air Magic      | 4 |  4.2
Dodging        | |  1.7
Stealth        | |  1.7
Spellcasting   | |  2.7

Action                     |  1- 3 |  4- 6 || total
---------------------------+-------+-------++-------
  Melee: Unarmed           |    13 |       ||    13
         Dagger            |    30 |       ||    30
         Tailslap          |    13 |       ||    13
         Short sword       |    20 |    20 ||    40
   Cast: Shock             |    39 |     5 ||    44
         Static Discharge  |     9 |    19 ||    28
   Stab: Sleeping          |       |     3 ||     3
 Armour: Skin              |    42 |    24 ||    66
  Dodge: Dodged            |    72 |    44 ||   116

Table legend: (Time is in decaauts)
 A = Elapsed time spent in this place.
 B = Non-inter-level travel time spent in this place.
 C = Inter-level travel time spent in this place.
 D = Time resting spent in this place.
 E = Time spent auto-exploring this place.
 F = Levels seen in this place.
 G = Mean time per level.
                   A        B        C        D        E       F      G
               +--------+--------+--------+--------+--------+-----+--------+
         Total |   3465 |   3128 |    337 |      0 |   2133 |   5 |  693.0 |
       Dungeon |   3172 |   2924 |    248 |      0 |   2043 |   4 |  793.0 |
        Temple |    292 |    203 |     89 |      0 |     90 |   1 |  292.0 |
               +--------+--------+--------+--------+--------+-----+--------+

Top non-repeatable levels by time:
     D:1: 1216 daAuts
     D:2: 1036 daAuts
     D:3: 800 daAuts
  Temple: 292 daAuts
     D:4: 120 daAuts
